 Dungeon Crawl Stone Soup version 0.23-a0-106-g63f3d0b (webtiles) character file.

59 galech the Skirmisher (level 3, 0/30 HPs)
             Began as a Demonspawn Berserker on Aug 20, 2018.
             Was a Believer of Trog.
             Slain by a frilled lizard (1 damage)
             ... on level 2 of the Dungeon.
             The game lasted 00:02:25 (1201 turns).

galech the Skirmisher (Demonspawn Berserker)        Turns: 1201, Time: 00:02:26

Health: 0/30       AC:  5    Str: 17    XL:     3   Next: 78%
Magic:  3/3        EV: 11    Int:  8    God:    Trog [**....]
Gold:   69         SH:  0    Dex: 13    Spells: 2/2 levels left

rFire    + . .     SeeInvis .   a - +0 hand axe
rCold    . . .     Gourm    .   (no shield)
rNeg     . . .     Faith    .   i - +0 ring mail
rPois    .         Spirit   .   (no helmet)
rElec    .         Reflect  .   (no cloak)
rCorr    .         Harm     .   (no gloves)
MR       .....                  (no boots)
Stlth    +.........             (no amulet)
HPRegen  0.10/turn              (no ring)
MPRegen  0.08/turn              (no ring)

@: berserk cooldown, slowed, very slow
A: fire resistance 1
a: Berserk, Trog's Hand, Renounce Religion


You were on level 2 of the Dungeon.
You worshipped Trog.
Trog was pleased with you.
You were very hungry.

You visited 1 branch of the dungeon, and saw 2 of its levels.

You collected 69 gold pieces.

Inventory:

Hand Weapons
 a - a +0 hand axe (weapon)
 f - a +0 halberd of freezing
Armour
 b - a +0 animal skin
 i - a +0 ring mail (worn)
Wands
 n - a wand of paralysis (7)
Scrolls
 e - a scroll of teleportation {unknown}
 g - 3 scrolls of identify {unknown}
 h - a scroll of magic mapping {unknown}
 l - a scroll of amnesia {unknown}
 m - a scroll of remove curse {unknown}
Potions
 d - a potion of degeneration {unknown}
 j - a potion of curing {unknown}
Comestibles
 c - 5 rations
 k - 5 chunks of flesh


   Skills:
 + Level 3.7 Fighting
 + Level 3.3 Axes
 + Level 2.1 Armour
 + Level 2.0 Dodging
 + Level 0.8 Stealth


You had 2 spell levels left.
You didn't know any spells.
Your spell library was empty.

Dungeon Overview and Level Annotations

Branches:
Dungeon (2/15)

Altars:


Innate Abilities, Weirdness & Mutations

Your flesh is heat resistant. (rF+)


Message History

The gnoll hits you from afar with a spear.
* * * LOW HITPOINT WARNING * * *
You see here a stone.
Your skin stops crawling.
You feel less resistant to hostile enchantments.
The frilled lizard bites you but does no damage.
The hobgoblin hits the plant but does no damage.
The gnoll closely misses you.
The hobgoblin throws a stone.
The stone hits you but does no damage.
The frilled lizard bites you but does no damage.
The gnoll hits you from afar with a spear.
* * * LOW HITPOINT WARNING * * *
You see here a stone.
The hobgoblin throws a stone.
The stone hits you but does no damage.
The hobgoblin throws a stone.
The stone barely misses you.
You see here a stone.
The hobgoblin throws a stone.
The stone closely misses you.
The hobgoblin throws a stone.
The stone barely misses you. The frilled lizard bites you.
You die...

....##########
...#.........# #.#
..##.........# #.#
#.##....÷....###.#
#.PP...§.♣.P...#.#
#♣♣..♣♣.§♣♣♣.♣♣#.#
..§.♣§♣...♣.PP♣.#
.P.§PP♣♣.P.♣..♣..#.#
♣♣♣.♣...P..♣♣♣##@#.#
♣....♣.♣..♣♣♣..l#.#
P.P. ♣.♣.P..♣.gg#.#
♣......♣.......#.#
P♣..♣..♣...♣g..#.#
♣.P♣♣..♣♣♣.(.##.#
♣.. ♣.P(##..# ♣..
♣....#.## ♣.P
♣♣♣Pg..#


You could see a gnoll, 2 hobgoblins and a frilled lizard.

Vanquished Creatures
  2 gnolls (D:2)
  A worm (D:2)
  A leopard gecko (D:2)
  A ball python (D:1)
  4 bats (D:1)
  A giant cockroach (D:1)
  2 goblins (D:1)
  6 hobgoblins
  3 jackals (D:2)
  3 quokkas (D:2)
  2 frilled lizards (D:1)
  3 kobolds
  4 rats
33 creatures vanquished.

Notes
Turn   | Place    | Note
-------+----------+-------------------------------------------
     0 | D:1      | galech the Demonspawn Berserker began the quest for the Orb.
     0 | D:1      | Reached XP level 1. HP: 18/18 MP: 1/1
   338 | D:1      | Gained mutation: Your flesh is heat resistant. (rF+) [demonic ancestry]
   338 | D:1      | Reached XP level 2. HP: 18/24 MP: 2/2
   848 | D:2      | Reached XP level 3. HP: 6/29 MP: 3/3
  1167 | D:2      | Reached ** piety under Trog
  1179 | D:2      | HP: 2/45 [gnoll/spear (9)]
  1199 | D:2      | HP: 1/30 [gnoll/spear (4)]
  1201 | D:2      | Slain by a frilled lizard

Vault maps used:
D:1:      lemuel_arrival_broad_hall
D:2:      wad_woods_tower

Skill      XL: |  1  2  3 |
---------------+----------+-----
Axes           | 3 |  3.3
Dodging        | 2 |  2.0
Armour         | 2 |  2.1
Fighting       | |  3.7
Stealth        | |  0.8

Action                   || total
-------------------------++-------
Melee: Hand axe          ||   117
Invok: Berserk           ||     2
       Trog's Hand       ||     1
  Eat: Chunk             ||     2
Armor: Animal skin       ||     7
       Ring mail         ||    29
Dodge: Dodged            ||    76

Table legend:
 A = Non-vault XP
 B = Vault XP
 C = Vault XP percentage of total XP
 D = Non-vault monster count
 E = Vault monster count
 F = Vault count percentage of total count
                 A         B        C        D         E       F
            +---------+---------+-------+---------+---------+-------
      Total |      79 |       6 |   7.1 |      30 |       3 |   9.1
            +---------+---------+-------+---------+---------+-------
        D:1 |      30 |       0 |   0.0 |      20 |       0 |   0.0
        D:2 |      49 |       6 |  10.9 |      10 |       3 |  23.1
            +---------+---------+-------+---------+---------+-------
